 Dungeon Crawl Stone Soup version 0.20-a0-1127-g1289703 (webtiles) character file.

79408 Gorglomux the Unseen (level 15, -2/72 HPs)
             Began as a Felid Enchanter on May 16, 2017.
             Was the Champion of Dithmenos.
             Slain by an anaconda (3 damage)
             ... on level 4 of the Snake Pit on May 18, 2017.
             The game lasted 03:16:21 (45014 turns).

Gorglomux the Unseen (Felid Enchanter)             Turns: 45014, Time: 03:16:22

Health: -2/72      AC:  3    Str:  4    XL:     15   Next: 20%
Magic:  15/28      EV: 36    Int: 20    God:    Dithmenos [******]
Gold:   1795       SH:  0    Dex: 20    Spells: 12/30 levels left
                                        Lives:  0   Deaths: 3

rFire    . . .     SeeInvis +     - Unarmed
rCold    + . .     Gourm    .   (shield unavailable)
rNeg     . . .     Faith    +   (armour unavailable)
rPois    +         Spirit   .   (helmet unavailable)
rElec    .         Reflect  .   (cloak unavailable)
rCorr    .         Harm     .   (gloves unavailable)
MR       ++...                  (boots unavailable)
Stlth    ++++++++++             P - amulet of faith {Faith, !P}
Regen    0.3/turn               G - ring of poison resistance {rPois, !d}
MPRegen  0.3/turn               C - +6 ring of evasion

@: wreathed by umbra, constricted, quick
A: no armour, no weapons or thrown items, stealth, claws 1, fangs 3, see
invisible, carnivore 3, speed 1, shaggy fur 3, slow metabolism 1, sharp paws
a: Shadow Step, Shadow Form, Renounce Religion


You were on level 4 of the Snake Pit.
You worshipped Dithmenos.
Dithmenos was exalted by your worship.
You were completely stuffed.

You visited 5 branches of the dungeon, and saw 28 of its levels.
You also visited: Labyrinth, Ossuary and Ice Cave.

You collected 2461 gold pieces.
You spent 666 gold pieces at shops.

Inventory:

Missiles
 O - 8 curare-tipped needles
Jewellery
 i - a +3 ring of protection
   (You found it on level 11 of the Dungeon)
 s - an uncursed ring of magical power {MP+9}
   (You found it on level 3 of the Dungeon)
 x - an uncursed ring of protection from cold {rC+, !d}
   (You found it on level 7 of the Dungeon)
 C - a +6 ring of evasion (right paw)
   (You found it on level 8 of the Dungeon)
 G - a ring of poison resistance (left paw) {rPois, !d}
   (You found it on level 10 of the Dungeon)
 I - an uncursed ring of wizardry {Wiz+, !d}
   (You found it on level 3 of the Lair of Beasts)
 P - an amulet of faith (around neck) {Faith, !P}
   (You found it on level 5 of the Lair of Beasts)
Wands
 t - a wand of confusion (37/48)
   (You found it on level 4 of the Dungeon)
 y - a wand of lightning (9/15)
   (You found it on level 14 of the Dungeon)
 K - a wand of iceblast (5/15)
   (You found it on level 15 of the Dungeon)
 L - a wand of lightning (11/15)
   (You found it on level 3 of the Lair of Beasts)
 Q - a wand of iceblast (6/15)
   (You found it in an ice cave)
 R - a wand of lightning (6/15)
   (You found it on level 5 of the Lair of Beasts)
 S - a wand of iceblast (3/15)
   (You found it on level 4 of the Lair of Beasts)
 W - a wand of iceblast (9/15)
   (You found it on level 6 of the Lair of Beasts)
Scrolls
 d - 4 scrolls of teleportation
 f - a scroll of blinking {!r}
 h - 4 scrolls of amnesia
 k - 4 scrolls of recharging
 o - 5 scrolls of fog
 p - 4 scrolls of identify
 r - 2 scrolls of fear
 u - 4 scrolls of magic mapping {!r}
 D - 4 scrolls of remove curse
 F - a scroll of holy word {!r}
 Y - 4 scrolls of summoning
Potions
 c - 4 potions of might
 g - 3 potions of ambrosia
 j - 3 potions of agility
 l - 12 potions of curing
 m - 6 potions of mutation {!q}
 n - 9 potions of heal wounds
 v - 5 potions of resistance
 A - 2 potions of invisibility
 J - 2 potions of cancellation
 M - 2 potions of magic
 V - 3 potions of haste
Books
 a - a book of Maledictions
 e - a book of the Tempests
   (You found it on level 1 of the Snake Pit)
 q - a book of Summonings
   (You acquired it on level 3 of the Lair of Beasts)
 w - a book of Conjurations
   (You found it on level 6 of the Dungeon)
 E - a book of the Sky
   (You found it in a labyrinth)
Miscellaneous
 B - a sack of spiders
 H - a lightning rod (3/4)
   (You found it on level 10 of the Dungeon)
 X - a phial of floods (inert)
   (You found it on level 6 of the Lair of Beasts)
Comestibles
 b - 16 meat rations {@e2@e2}
 z - a chunk of flesh {@w0@w0}
 N - a royal jelly


   Skills:
 * Level 12.1 Fighting
 + Level 16.6 Dodging
 - Level 18.1 Stealth
 + Level 13.4 Unarmed Combat
 + Level 8.0 Spellcasting
 - Level 15.6 Hexes
 * Level 7.6 Summonings
 - Level 2.0 Ice Magic
 - Level 11.3 Invocations


You had 12 spell levels left.
You knew the following spells:

 Your Spells              Type           Power        Failure   Level  Hunger
a - Ensorcelled Hibernat  Hex/Ice        #####.       1%          2    None
b - Dazzling Spray        Conj/Hex       #####.       1%          3    None
c - Confuse               Hex            ######..     1%          3    None
d - Summon Forest         Summ/Tloc      ###.......   43%         5    #####..
e - Summon Mana Viper     Hex/Summ       ######..     1%          5    #####..


Dungeon Overview and Level Annotations

Branches:
Dungeon (15/15)            Temple (1/1) D:6            Lair (6/6) D:8
  Swamp (0/4) Lair:3        Snake (4/4) Lair:2        Slime (0/5) Lair:5
    Orc (2/2) D:11            Elf (0/3) Orc:2        Vaults (0/5) D:14
 Depths (0/5) D:15

Altars:
Ashenzari
Cheibriados
Dithmenos
Elyvilon
Fedhas
Gozag
Hepliaklqana
Kikubaaqudgha
Makhleb
Nemelex Xobeh
Okawaru
Qazlal
Ru
Sif Muna
Trog
Uskayaw
Vehumet
Wu Jian
Xom
Yredelemnul
Zin
The Shining One
Beogh
Jiyva

Shops:
D:6 *   D:13 ([(   Orc:2 *!(=[

Portals:
Trove: D:11 (show slimy rune of Zot)

Annotations:
D:3 exclusion: door
Lair:4 exclusion: 3 oklob plants
Lair:5 exclusion: 4 oklob plants


Innate Abilities, Weirdness & Mutations

You cannot wear armour.
You are incapable of wielding weapons or throwing items.
Your paws allow you to move quietly. (Stealth)
You have sharp claws.
You have razor-sharp teeth.
You have supernaturally acute eyesight. (SInv)
You are carnivorous and can eat meat at any time.
You cover ground quickly.
Your thick and shaggy fur keeps you warm. (AC +3, rC+)
You have a slow metabolism.
Your sharp claws are effective at attacking unaware monsters.


Message History

You catch the helpless guardian serpent completely off-guard!
You eviscerate the guardian serpent!!!
You bite the guardian serpent, but do no damage.
Your shadow hits the guardian serpent.
The guardian serpent completely misses you.
You claw the guardian serpent!
You kill the guardian serpent!
Dithmenos accepts your kill.
No target in view!
No target in view!
No target in view!
You see here a spear.
z - 5 chunks of flesh {@w0@w0} You see here an anaconda skeleton.
Eating one of 5 chunks of flesh {@w0@w0}.
You eat one of the 5 chunks of flesh {@w0@w0}.
This raw flesh tastes great.
Eating one of 4 chunks of flesh {@w0@w0}.
You eat one of the 4 chunks of flesh {@w0@w0}.
This raw flesh tastes great.
Eating one of 3 chunks of flesh {@w0@w0}.
You eat one of the 3 chunks of flesh {@w0@w0}.
This raw flesh tastes great.
Eating one of 2 chunks of flesh {@w0@w0}.
You eat one of the 2 chunks of flesh {@w0@w0}.
This raw flesh tastes great.
An anaconda comes into view.
An anaconda is nearby!
The anaconda hisses angrily.
The anaconda completely misses you. x2
The anaconda grabs you. The anaconda completely misses you.
The anaconda constricts you.
A black mamba comes into view.
You take 3 damage, and have 69/72 hp.
Unknown command.
Aim: an anaconda (constricting you, umbra)
The spray of energy misses the anaconda.
The spray of energy hits the black mamba.
The anaconda bites you! The anaconda constricts you.
The black mamba completely misses you. The anaconda completely misses you.
The anaconda constricts you.
You take 14 damage, and have 55/72 hp.
You now have 22/28 mp.
Unknown command.
Aim: an anaconda (constricting you, umbra)
The spray of energy hits the anaconda.
The spray of energy hits the black mamba.
The black mamba is dazzled.
Your shadow mimicks your spell!
The shadow shard hits the anaconda.
The anaconda closely misses you. The anaconda constricts you.
The black mamba completely misses you.
You take 3 damage, and have 52/72 hp.
You now have 20/28 mp.
Unknown command.
You completely miss the black mamba.
Your shadow hits the black mamba but does no damage.
The anaconda closely misses you. The anaconda constricts you.
The black mamba barely misses you. The salamander completely misses you.
The anaconda completely misses you. The anaconda constricts you.
You take 6 damage, and have 46/72 hp.
You scratch the black mamba but do no damage.
The black mamba completely misses you. The anaconda completely misses you.
The anaconda constricts you.
You take 3 damage, and have 43/72 hp.
Unknown command.
Unknown command.
You catch the helpless black mamba completely off-guard!
You eviscerate the black mamba!!!
You kill the black mamba!
Dithmenos accepts your kill. The anaconda completely misses you.
The anaconda constricts you. The salamander misses you.
The anaconda misses you. The anaconda constricts you.
You take 6 damage, and have 37/72 hp.
Unknown command.
Aim: an anaconda (moderately wounded, constricting you, umbra)
The spray of energy hits the anaconda.
The anaconda completely misses you. The anaconda constricts you.
The salamander hits you from afar with a glaive!
* * * LOW HITPOINT WARNING * * *
You are engulfed in flames!
* * * LOW HITPOINT WARNING * * *
You emit a cloud of dark smoke.
You take 29 damage, and have 8/72 hp.
MASSIVE DAMAGE!!
You now have 17/28 mp.
You escape the anaconda's grasp.
Unknown command.
Unknown command.
The anaconda grabs you. The anaconda completely misses you.
* * * LOW HITPOINT WARNING * * *
The anaconda constricts you.
You take 3 damage, and have 5/72 hp.
Unknown command.
Aim: an anaconda (black smoke, heavily wounded, constricting you, umbra, chance to defeat MR: 62%)
The anaconda appears confused.
Your shadow mimicks your spell!
The anaconda easily resists.
* * * LOW HITPOINT WARNING * * *
The anaconda constricts you.
You die...

.. #### .#
##÷.## ..
#))..# ##.
.##.).÷## #
... ..#..)§§#
.##.#
#.##.#N.#§§#
##....#.
#....#.§#SN#
## #......
#...@#§§#..#
§###.....#
#....S§.#..#
§......#
#.##....#..#
###....######
#....#..#
..#.........
#....#...
..#...###.
#÷..##...
......##
#.### ###
##....)## #)#
#..#
#....#..#
#.###### ...


You could see an anaconda (confused).

Vanquished Creatures
  Rupert (Snake:1)
  Kirke (Lair:5)
  3 nagarajas
  Aizul (Snake:1)
  A stone giant (Orc:1)
  A fire dragon (Lair:6)
  A minotaur (Lab)
  3 vault guards (D:14)
  7 hydras
  17 naga warriors
  Harold (D:11)
  A catoblepas (D:15)
  12 anacondas
  A centaur warrior (D:15)
  9 two-headed ogres
  An ogre mage (D:15)
  5 death yaks (Lair:5)
  14 naga sharpshooters
  A tengu warrior (D:15)
  11 shock serpents
  3 orc high priests (Orc:2)
  3 skeletal warriors
  Nergalle (Lair:2)
  The ghost of PeterMcNeter the Slasher, a novice DrMo of Sif Muna (D:6)
  A sea snake (Snake:2)
  3 unseen horrors
  4 salamander mystics
  A wizard (D:15)
  A lindwurm (Lair:6)
  A necromancer (IceCv)
  7 orc knights
  3 naga ritualists
  The ghost of kuniqs the Skirmisher, a novice VSFi of Uskayaw (D:8)
  6 orc sorcerers
  A wolf spider zombie (D:14)
  9 mana vipers
  4 ugly things (D:14)
  5 deep elf magi
  5 elephants (Lair:5)
  3 cyclopes
  16 salamanders
  A manticore (D:15)
  7 guardian serpents
  33 black mambas
  Psyche (D:8)
  15 spiny frogs
  10 naga magi
  2 gargoyles (D:9)
  An ice statue (IceCv)
  3 molten gargoyles (Lair:6)
  A redback zombie (D:15)
  9 komodo dragons
  A spiny frog (shapeshifter) (D:13)
  A rime drake (Lair:5)
  A tengu conjurer (D:15)
  10 freezing wraiths (IceCv)
  A polar bear (Lair:3)
  7 trolls
  5 hornets
  15 hippogriffs
  6 slime creatures
  A snapping turtle (shapeshifter) (D:14)
  9 blink frogs
  Prince Ribbit (D:7)
  12 spriggans (Lair:4)
  2 shadows
  4 wyverns
  2 humans (D:14)
  3 wraiths (Snake:1)
  The ghost of kuniqs the Digger, an amateur TrEE (Ossuary)
  2 hogs (Lair:5)
  45 yaks
  5 basilisks
  3 hungry ghosts
  A death yak simulacrum (IceCv)
  4 vampire mosquitoes (D:14)
  2 steam dragons
  45 nagas
  19 water moccasins
  2 acid dragons
  4 hell hounds (Lair:6)
  13 porcupines
  17 orc warriors
  8 sky beasts
  2 black bears
  11 ogres
  16 ice beasts
  A necrophage (D:10)
  2 phantoms
  12 wolves
  An eye of draining (D:13)
  3 boggarts (Lair:4)
  8 centaurs
  18 crocodiles
  2 elf zombies (Ossuary)
  A big kobold (D:10)
  22 bullfrogs
  3 wyvern skeletons
  A scorpion (D:7)
  7 killer bees
  An elephant simulacrum (IceCv)
  16 wights
  2 troll zombies (D:11)
  4 howler monkeys
  An electric eel (Lair:3)
  4 lava snakes (Lair:6)
  7 crimson imps
  4 draconian simulacra (IceCv)
  3 hounds
  A quasit (D:6)
  8 centaur zombies
  A human zombie (Ossuary)
  4 jellies
  4 centaur skeletons
  15 orc priests
  16 orc wizards
  Crazy Yiuf (D:2)
  Jessica (D:2)
  Natasha (twice) (D:3)
  6 iguanas
  A spriggan simulacrum (IceCv)
  A polar bear simulacrum (IceCv)
  10 worker ants
  2 troll simulacra (IceCv)
  A wolf simulacrum (IceCv)
  A big kobold zombie (Ossuary)
  4 centaur simulacra (IceCv)
  6 ogre zombies (D:11)
  2 mummies (Ossuary)
  A howler monkey zombie (D:5)
  5 ogre simulacra (IceCv)
  16 adders
  8 gnolls
  4 naga simulacra (IceCv)
  A shadow imp (D:8)
  12 white imps (IceCv)
  An ooze (D:3)
  3 adder skeletons
  3 adder zombies
  5 worms
  A dart slug (D:1)
  3 leopard geckos
  62 orcs
  10 bats
  5 giant cockroaches
  8 goblins
  8 hobgoblins
  10 jackals
  4 quokkas
  7 frilled lizards
  2 goblin skeletons (D:11)
  4 goblin zombies
  14 hobgoblin zombies
  16 kobolds
  9 kobold zombies (Ossuary)
  3 orc skeletons (D:11)
  20 orc zombies
  A quokka zombie (D:9)
  10 rats
  A rat zombie (Ossuary)
1002 creatures vanquished.

Vanquished Creatures (collateral kills)
  Nikola (Snake:1)
  Josephine (Snake:1)
  2 ogre magi (D:14)
  2 death yaks (Lair:4)
  A shock serpent (Snake:4)
  3 naga sharpshooters
  A skeletal warrior (D:13)
  A naga ritualist (Snake:2)
  3 mana vipers
  2 orc sorcerers
  A guardian serpent (Snake:2)
  4 black mambas
  5 naga magi
  An elephant (Lair:4)
  A wraith (Snake:1)
  A hog (Lair:5)
  8 nagas
  2 orc warriors (Orc:2)
  An orc wizard (Orc:2)
  An orc priest (Orc:2)
42 creatures vanquished.

Vanquished Creatures (others)
  A naga mage (Snake:3)
  2 humans (Lair:5)
  10 fungi
  20 plants
33 creatures vanquished.

Grand Total: 1077 creatures vanquished

Notes
Turn   | Place    | Note
-------+----------+-------------------------------------------
     0 | D:1      | Gorglomux the Felid Enchanter began the quest for the Orb.
     0 | D:1      | Reached XP level 1. HP: 7/7 MP: 4/4
     0 | D:1      | Marenglen: Getting hit for over half max HP by a hobgoblin... #justfelidthings
     0 | D:1      | Gorglomux: i just get one to temple and i think i stop for today
    19 | D:1      | HP: 1/7 [rat (1)]
   634 | D:1      | Reached XP level 2. HP: 8/11 MP: 3/6
   640 | D:1      | Learned a level 2 spell: Ensorcelled Hibernation
  1092 | D:1      | Reached skill level 3 in Dodging
  1134 | D:1      | Reached XP level 3. HP: 9/14 MP: 7/7
  1317 | D:1      | Reached skill level 2 in Unarmed Combat
  1411 | D:1      | Learned a level 3 spell: Confuse
  1482 | D:1      | Reached skill level 5 in Hexes
  2082 | D:2      | Reached skill level 5 in Stealth
  2082 | D:2      | Reached XP level 4. HP: 18/18 MP: 4/8
  2382 | D:2      | Noticed Jessica
  2389 | D:2      | Killed Jessica
  2522 | D:2      | Found a runed door.
  2874 | D:2      | Noticed Crazy Yiuf
  2899 | D:2      | Killed Crazy Yiuf
  2899 | D:2      | Reached skill level 4 in Dodging
  2899 | D:2      | Reached XP level 5. HP: 11/21 MP: 9/9
  3043 | D:2      | Pekkekk: oh boy
  3043 | D:2      | Pekkekk: Fe
  3043 | D:2      | Pekkekk: exciting
  3043 | D:2      | Gorglomux: yeah
  3043 | D:2      | Gorglomux: no
  3069 | D:2      | Pekkekk: !won gorglomux fe--
  3072 | D:2      | beem: gorglomux (fe--) has not won in 14 games.
  3073 | D:2      | Gorglomux: ahaha
  3073 | D:2      | Gorglomux: you fool
  3073 | D:2      | Pekkekk: &stalk gorglomux
  3073 | D:2      | Gorglomux: its !
  3079 | D:2      | Pekkekk: !stalk gorglomux
  3079 | D:2      | beem: Gorglomux the L4 FeEn^ in D:2 (cxc tiles), T:2899, defenses: 1/19/0, stats: 4/16/17
  3133 | D:3      | Noticed Natasha
  3134 | D:3      | Pekkekk: !won gorglomux feen
  3135 | D:3      | beem: gorglomux (feen) has not won in 3 games.
  3141 | D:3      | Killed Natasha
  3145 | D:3      | Pekkekk: no one and won for you :(
  3148 | D:3      | Pekkekk: !won . fe--
  3148 | D:3      | beem: Pekkekk (fe--) has not won in 6 games.
  3148 | D:3      | Gorglomux: i purely don't care
  3222 | D:3      | Pekkekk: i can still one and win fe if i stopped sucking at the game
  3257 | D:3      | Gorglomux: just try to win it first
  3333 | D:3      | Found a deep blue altar of Sif Muna.
  3593 | D:3      | Reached skill level 6 in Hexes
  3960 | D:3      | Reached skill level 6 in Stealth
  3960 | D:3      | Reached skill level 3 in Unarmed Combat
  3960 | D:3      | Gained mutation: You are covered in thick fur. (AC +2) [Felid growth]
  3960 | D:3      | Reached XP level 6. HP: 24/24 MP: 10/10
  4234 | D:3      | Noticed Natasha
  4234 | D:4      | Found a hide-covered altar of Uskayaw.
  4249 | D:3      | Killed Natasha
  4336 | D:4      | Found a snail-covered altar of Cheibriados.
  4348 | D:4      | Found a sparkling altar of Nemelex Xobeh.
  4352 | D:4      | Found a blossoming altar of Fedhas.
  4353 | D:4      | Found a bloodstained altar of Trog.
  4355 | D:4      | Pekkekk: !greatoneandwon
  4402 | D:4      | Pekkekk: !cmd !greatoneandwon
  4404 | D:4      | beem: Command: !greatoneandwon => !lg * playable !experimental crace!=$(!lg * won playable !experimental s=char / gid=$(=oneandwongids $*) fmt:'$(combo_to_race ${.})' join:"|" stub:"" ?: %!=0) title:"non-oneandwon races for $(name_fixup $*)" stub:"$(name_fixup $*) is a greatoneandwoner" s=crace fmt:"${.}"
  4440 | D:4      | beem: non-oneandwon races for Pekkekk: Octopode, Draconian, Spriggan, Mummy, Troll, Human, Tengu, Vampire, Naga, Demigod, Felid, Ghoul, Barachian
  4440 | D:4      | Gorglomux: well you oneandwon most of high elf, greater should be on his way
  4440 | D:4      | Gorglomux: !greateroneandwon pekkekk
  4440 | D:4      | Pekkekk: nah i only had like 4
  4440 | D:4      | Pekkekk: !oneandwon .
  4440 | D:4      | Gorglomux: oh
  4440 | D:4      | beem: non-oneandwon roles for pekkekk: Wizard, Gladiator, Conjurer, Necromancer, Hunter, Venom Mage
  4440 | D:4      | beem: Chars won first try for Pekkekk: BaAr, CeAs, DDAE, DDAM, DDEE, DEAE, DEWn, DsAK, FoSk, GnFE, GrCK, GrIE, HaFi, HECK, HOEn, KoMo, MfBe, MiAs, MiSu, MiWr, OgMo, VSTm
  4440 | D:4      | Pekkekk: lol just 1
  4441 | D:4      | Pekkekk: HECK of all combos
  4441 | D:4      | Gorglomux: and ck
  4456 | D:4      | Reached skill level 5 in Dodging
  4467 | D:4      | Gorglomux: !lg . ck
  4467 | D:4      | beem: 17. Gorglomux the Covert (L8 FeCK of Xom), quit the game on D:9 on 2017-05-16 20:33:45, with 1614 points after 13487 turns and 0:53:51.
  4591 | D:4      | Gorglomux: i said 10 turns before that if i found the exit i would quit
  4766 | D:4      | Pekkekk: the exit? i'm not sure what you mean
  4807 | D:4      | Gorglomux: oh yeah of the abyss of course
  4807 | D:4      | Gorglomux: got random xom abysses
  4809 | D:4      | Pekkekk: ah
  4810 | D:4      | Pekkekk: rip
  4826 | D:4      | Found a stormy altar of Qazlal.
  4849 | D:4      | Pekkekk: !abyssratio $chat
  5239 | D:4      | beem: Pekkekk|Gorglomux|Marenglen has survived banishment 65 of 73 times: 89%
  5276 | D:5      | Entered Level 5 of the Dungeon
  5277 | D:5      | Pekkekk: hm
  5279 | D:5      | Pekkekk: !shrug
  5280 | D:5      | beem: ¯\_(ツ)_/¯
  5285 | D:5      | Pekkekk: idk the query i'm looking for
  5290 | D:5      | HP: 4/24 [orc/mace (8)]
  5292 | D:5      | Pekkekk: !abyssratio .
  5297 | D:5      | beem: Pekkekk has survived banishment 47 of 51 times: 92%
  5297 | D:5      | Upgraded the game from 0.20-a0-1124-g2e29d97 to 0.20-a0-1126-g0f15420
  5326 | D:5      | HP: 1/24 [orc/mace (6)]
  5935 | D:5      | Reached XP level 7. HP: 27/27 MP: 7/11
  6121 | D:5      | Reached skill level 7 in Hexes
  6731 | D:6      | Noticed PeterMcNeter's ghost (novice DrMo)
  7056 | D:6      | Reached skill level 6 in Dodging
  7056 | D:6      | Reached skill level 7 in Stealth
  7056 | D:6      | Reached skill level 4 in Unarmed Combat
  7067 | D:6      | Found a staircase to the Ecumenical Temple.
  7079 | Temple   | Entered the Ecumenical Temple
  7204 | Temple   | Became a worshipper of Dithmenos the Shadowed
  7312 | D:6      | Killed PeterMcNeter's ghost
  7312 | D:6      | Reached skill level 7 in Dodging
  7312 | D:6      | Reached skill level 8 in Stealth
  7312 | D:6      | Reached skill level 5 in Unarmed Combat
  7312 | D:6      | Reached skill level 8 in Hexes
  7312 | D:6      | Reached XP level 8. HP: 19/31 MP: 11/12
  7472 | D:6      | Found a white marble altar of Elyvilon.
  8119 | D:6      | Found Zin's Purification Station.
  8131 | D:6      | Found a glowing silver altar of Zin.
  8258 | D:6      | Reached skill level 9 in Hexes
  8471 | D:7      | Found a shattered altar of Ashenzari.
  8535 | D:7      | Reached skill level 9 in Stealth
  8566 | D:7      | Noticed a hippogriff
  8574 | D:7      | Killed a hippogriff
  8574 | D:7      | Reached skill level 8 in Dodging
  8574 | D:7      | Reached XP level 9. HP: 28/34 MP: 3/13
  8639 | D:7      | Noticed Prince Ribbit
  8716 | D:7      | Killed Prince Ribbit
  8716 | D:7      | Reached skill level 6 in Unarmed Combat
  8760 | D:7      | Found an ornate altar of the Wu Jian Council.
  8821 | D:7      | Reached skill level 10 in Hexes
  8829 | D:7      | Found a sand-covered staircase.
  8834 | Ossuary  | Entered an ossuary
  8860 | Ossuary  | Reached * piety under Dithmenos
  8969 | Ossuary  | Reached skill level 10 in Stealth
  8978 | Ossuary  | Noticed kuniqs's ghost (amateur TrEE)
  9052 | Ossuary  | Killed kuniqs's ghost
  9052 | Ossuary  | Reached skill level 9 in Dodging
  9097 | Ossuary  | Reached ** piety under Dithmenos
  9655 | D:8      | Found a staircase to the Lair.
  9680 | D:8      | Noticed kuniqs's ghost (novice VSFi)
 10052 | D:8      | Killed kuniqs's ghost
 10052 | D:8      | Reached skill level 7 in Unarmed Combat
 10321 | D:8      | Reached XP level 10. HP: 37/37 MP: 14/14
 10330 | D:8      | Noticed a two-headed ogre
 10337 | D:8      | Killed a two-headed ogre
 10337 | D:8      | Reached skill level 10 in Dodging
 10337 | D:8      | Reached skill level 11 in Stealth
 10337 | D:8      | Reached skill level 11 in Hexes
 10402 | D:8      | Noticed Psyche
 10406 | D:8      | Killed Psyche
 11064 | D:9      | Noticed a gargoyle
 11071 | D:9      | Killed a gargoyle
 11078 | D:9      | Reached skill level 8 in Unarmed Combat
 11146 | D:9      | Found a burning altar of Makhleb.
 11147 | D:9      | Found a radiant altar of Vehumet.
 11260 | D:9      | Reached skill level 12 in Hexes
 11517 | D:9      | Reached skill level 12 in Stealth
 11770 | D:9      | Noticed a gargoyle
 11775 | D:9      | Killed a gargoyle
 11820 | D:10     | Entered Level 10 of the Dungeon
 11821 | D:10     | Reached skill level 11 in Dodging
 11839 | D:10     | Reached *** piety under Dithmenos
 12451 | D:10     | Reached XP level 11. HP: 40/40 MP: 11/15
 13321 | D:11     | Found a staircase to the Orcish Mines.
 13429 | D:11     | Reached **** piety under Dithmenos
 13455 | D:11     | Reached skill level 9 in Unarmed Combat
 13925 | D:11     | Noticed Harold
 13937 | D:11     | Killed Harold
 13974 | D:11     | Reached skill level 13 in Hexes
 14015 | D:11     | Noticed a two-headed ogre
 14038 | D:11     | Killed a two-headed ogre
 14038 | D:11     | Reached skill level 13 in Stealth
 14209 | D:11     | Reached skill level 12 in Dodging
 14480 | D:11     | Found a portal to a secret trove of treasure.
 14529 | D:11     | Reached ***** piety under Dithmenos
 14777 | D:11     | Noticed a seven-headed hydra
 14842 | D:11     | Killed a seven-headed hydra
 14875 | D:11     | Noticed a two-headed ogre
 14890 | D:11     | Killed a two-headed ogre
 14943 | D:11     | Reached skill level 14 in Hexes
 15081 | D:8      | Reached skill level 14 in Stealth
 15139 | Lair:1   | Entered Level 1 of the Lair of Beasts
 15214 | Lair:1   | Gained mutation: Your thick and shaggy fur keeps you warm. (AC +3, rC+) [Felid growth]
 15214 | Lair:1   | Reached XP level 12. HP: 44/44 MP: 16/16
 15340 | Lair:1   | Reached skill level 10 in Unarmed Combat
 15641 | Lair:1   | Reached skill level 1 in Invocations
 16153 | Lair:2   | Noticed Nergalle
 16157 | Lair:2   | Killed Nergalle
 16157 | Lair:2   | Reached skill level 13 in Dodging
 16157 | Lair:2   | Reached skill level 2 in Invocations
 16621 | Lair:2   | Learned a level 3 spell: Dazzling Spray
 16624 | Lair:2   | Found a staircase to the Snake Pit.
 16641 | Lair:2   | Reached skill level 3 in Invocations
 17330 | Lair:3   | Found a staircase to the Swamp.
 17343 | Lair:2   | Gorglomux: !lg saltcity fe
 17343 | Lair:2   | beem: fe is ambiguous: may be species or class. Use fe-- (Felid) or --fe (Fire Elementalist) to disambiguate
 17343 | Lair:2   | Gorglomux: !lg saltcity fe--
 17343 | Lair:2   | beem: 2. SaltCity the Acrobat (L22 FeAr of Yredelemnul), escaped with the Orb and 3 runes on 2017-03-23 12:14:35, with 1186728 points after 109148 turns and 3:35:57.
 17508 | Lair:3   | Reached skill level 4 in Invocations
 17535 | Lair:2   | HP: 2/44 [komodo dragon (24)]
 17875 | Lair:3   | Noticed a six-headed hydra
 17887 | Lair:3   | Killed a six-headed hydra
 18130 | Lair:3   | Reached skill level 5 in Invocations
 18372 | Lair:3   | Reached skill level 15 in Hexes
 18526 | Lair:3   | Identified a scroll of acquirement
 18544 | Lair:3   | Reached skill level 15 in Stealth
 18873 | Lair:3   | Reached skill level 1 in Fighting
 18873 | Lair:3   | Reached XP level 13. HP: 39/48 MP: 18/18
 19051 | Lair:4   | Reached skill level 14 in Dodging
 19209 | Lair:4   | Reached ****** piety under Dithmenos
 19235 | Lair:4   | Reached skill level 6 in Invocations
 19257 | Lair:4   | Reached skill level 2 in Fighting
 19267 | Lair:4   | Found a frozen archway.
 19497 | IceCv    | Entered an ice cave
 19503 | IceCv    | Reached skill level 11 in Unarmed Combat
 19927 | IceCv    | Reached skill level 3 in Fighting
 20112 | IceCv    | HP: 5/51 [ice statue] (9)]
 20971 | IceCv    | Found an ancient bone altar of Kikubaaqudgha.
 21460 | Lair:4   | Was placed under penance by Dithmenos
 21460 | Lair:4   | Was forgiven by Dithmenos
 21467 | Lair:4   | Reached skill level 7 in Invocations
 21513 | Lair:4   | Reached skill level 1 in Ice Magic
 22477 | Lair:5   | Reached skill level 4 in Fighting
 22553 | Lair:5   | Found a staircase to the Slime Pits.
 22553 | Lair:5   | Found a viscous altar of Jiyva.
 22661 | Lair:5   | Reached skill level 3 in Spellcasting
 23001 | Lair:5   | Reached skill level 2 in Ice Magic
 23001 | Lair:5   | Reached XP level 14. HP: 36/57 MP: 1/20
 23017 | Lair:4   | Learned a level 5 spell: Summon Forest
 23023 | Lair:4   | Learned a level 5 spell: Summon Mana Viper
 23334 | Lair:5   | Reached skill level 8 in Invocations
 23590 | Lair:5   | Reached skill level 5 in Fighting
 23856 | Lair:5   | Noticed Kirke
 23914 | Lair:5   | Killed Kirke
 24409 | Lair:6   | Entered Level 6 of the Lair of Beasts
 24755 | Lair:6   | Reached skill level 4 in Spellcasting
 24793 | Lair:6   | Reached skill level 16 in Stealth
 25035 | Lair:6   | Found a large runed door.
 25040 | Lair:6   | Found a large runed door.
 25299 | Lair:6   | Reached skill level 6 in Fighting
 26058 | Lair:6   | Reached skill level 9 in Invocations
 26258 | Lair:6   | Reached skill level 15 in Dodging
 27722 | D:13     | Found Vywaq Imunni's Weapon Boutique.
 27842 | D:13     | Reached skill level 1 in Summonings
 27983 | D:13     | Reached skill level 7 in Fighting
 28261 | D:13     | Found Wiokaiqa's Armour Boutique.
 28276 | D:13     | Found Tydi's Antique Weapon Boutique.
 28841 | D:14     | Reached skill level 5 in Spellcasting
 28844 | D:14     | Reached XP level 15. HP: 35/64 MP: 1/23
 28856 | D:14     | Reached skill level 12 in Unarmed Combat
 29600 | D:14     | Reached skill level 2 in Summonings
 29734 | D:14     | Found a gate to the Vaults.
 29826 | D:14     | Reached skill level 10 in Invocations
 29864 | D:14     | Reached skill level 8 in Fighting
 30073 | D:15     | Entered Level 15 of the Dungeon
 30221 | D:15     | Found a labyrinth entrance.
 30227 | Lab      | Entered a labyrinth
 30275 | Lab      | Found an exit through the horrors of the Abyss.
 30352 | Lab      | Identified Feekkead's Catalogue of Ensnaring Toxins
 30357 | Lab      | Got a steaming lapis lazuli ring
 30357 | Lab      | Got a warped iron ring
 30359 | Lab      | Identified the ring "Nocezxumi" {Ice *Slow rN+ MR+} (You found it in a labyrinth)
 30361 | Lab      | Identified the cursed ring of Xuluopt {Str-2 Int+2} (You found it in a labyrinth)
 30370 | Lab      | Identified the Handbook of Enhancements
 30409 | D:15     | HP: 5/66 [tengu warrior/war axe of electrocution (21)]
 30411 | D:15     | Slain by a redback zombie
 30412 | D:15     | Reached XP level 14. HP: -4/63 MP: 19/23
 30833 | D:15     | Reached skill level 3 in Summonings
 31009 | D:15     | Found a staircase to the Depths.
 31351 | Orc:1    | Entered Level 1 of the Orcish Mines
 31354 | Orc:1    | Noticed a stone giant
 31437 | Orc:1    | Killed a stone giant
 31695 | Orc:2    | Entered Level 2 of the Orcish Mines
 32132 | Orc:1    | KarmaPolice: meow
 32132 | Orc:1    | Upgraded the game from 0.20-a0-1126-g0f15420 to 0.20-a0-1127-g1289703
 32646 | Orc:2    | Reached skill level 9 in Fighting
 32646 | Orc:2    | Reached skill level 4 in Summonings
 32725 | Orc:2    | Found Tennuam's Armour Shop.
 32725 | Orc:2    | Found Cisu's Distillery.
 32731 | Orc:2    | Found Mablehib's Jewellery Shop.
 32731 | Orc:2    | Found Sagekhis's Weapon Emporium.
 32755 | Orc:2    | Bought a potion of magic for 128 gold pieces
 32755 | Orc:2    | Bought a potion of might for 64 gold pieces
 32755 | Orc:2    | Bought a potion of magic for 128 gold pieces
 32755 | Orc:2    | Bought a potion of mutation for 128 gold pieces
 32755 | Orc:2    | Bought a potion of invisibility for 128 gold pieces
 33196 | Orc:2    | Found Wiwirchuc's Assorted Antiques.
 33206 | Orc:2    | Bought a scroll labeled KUHADE PULA for 30 gold pieces
 33206 | Orc:2    | Bought a scroll of identify for 60 gold pieces
 33544 | Orc:2    | Found a staircase to the Elven Halls.
 33547 | Orc:2    | Found a roughly hewn altar of Beogh.
 33876 | Snake:1  | Entered Level 1 of the Snake Pit
 34008 | Snake:1  | Noticed Aizul
 34020 | Snake:1  | Killed Aizul
 34020 | Snake:1  | Reached XP level 15. HP: 67/67 MP: 20/24
 34141 | Snake:1  | Reached skill level 11 in Invocations
 34238 | Snake:1  | Reached skill level 6 in Spellcasting
 34513 | Snake:1  | Noticed Josephine
 34625 | Snake:1  | Killed Josephine
 34819 | Snake:1  | Noticed Rupert
 34823 | Snake:1  | Killed Rupert
 34823 | Snake:1  | Reached skill level 17 in Stealth
 35109 | Snake:1  | Noticed Nikola
 35128 | Snake:1  | Killed Nikola
 35128 | Snake:1  | Reached skill level 5 in Summonings
 35356 | Snake:1  | Reached skill level 10 in Fighting
 36301 | Snake:2  | HP: 12/69 [black mamba (10)]
 36307 | Snake:2  | HP: 3/103 [black mamba (10)]
 36308 | Snake:2  | Slain by a black mamba
 36309 | Snake:2  | Reached XP level 14. HP: -2/99 MP: 6/24
 36488 | Snake:2  | Noticed a nagaraja
 36493 | Snake:2  | Killed a nagaraja
 36493 | Snake:2  | Reached skill level 16 in Dodging
 36975 | Snake:2  | Reached XP level 15. HP: 41/70 MP: 23/26
 37966 | Snake:2  | Reached skill level 13 in Unarmed Combat
 38350 | Snake:3  | Reached skill level 7 in Spellcasting
 38592 | Snake:2  | Reached skill level 6 in Summonings
 38619 | Snake:2  | HP: 10/70 [naga sharpshooter/arrow (21)]
 38626 | Snake:2  | Reached skill level 11 in Fighting
 38861 | Snake:3  | HP: 15/70 [black mamba (20)]
 39120 | Snake:3  | HP: 16/70 [anaconda (19)]
 39132 | Snake:3  | HP: 14/70 [naga sharpshooter/bolt (5)]
 39989 | Snake:3  | Noticed a nagaraja
 40003 | Snake:3  | Killed a nagaraja
 41565 | Snake:3  | Reached skill level 18 in Stealth
 41567 | Snake:3  | Found a shimmering altar of Xom.
 42635 | Snake:4  | Entered Level 4 of the Snake Pit
 42637 | Snake:4  | Gorglomux: !hs . fe--
 42637 | Snake:4  | beem: 14. Gorglomux the Nimble (L10 FeEE of Ru), quit the game on Lair:1 on 2017-04-18 11:45:40, with 5352 points after 19734 turns and 0:51:55.
 43026 | Snake:4  | Noticed a nagaraja
 43029 | Snake:4  | Killed a nagaraja
 43029 | Snake:4  | Reached skill level 7 in Summonings
 43478 | Snake:4  | HP: 15/72 [salamander (15)]
 43790 | Snake:3  | Reached XP level 16. HP: 26/76 MP: 10/28
 44052 | Snake:4  | Shot with an arrow by a naga sharpshooter
 44053 | Snake:4  | Reached XP level 15. HP: -1/72 MP: 17/27
 44110 | Snake:4  | HP: 16/72 [naga sharpshooter/arrow (32)]
 44555 | Snake:4  | Reached skill level 12 in Fighting
 44764 | Snake:4  | Reached skill level 8 in Spellcasting
 45011 | Snake:4  | HP: 18/72 [salamander/glaive (15)]
 45011 | Snake:4  | HP: 8/72 [salamander/glaive (10)]
 45014 | Snake:4  | HP: 1/72 [anaconda (4)]
 45014 | Snake:4  | Slain by an anaconda

Vault maps used:
D:1:      dpeg_arrival_subterranean_lakeside_camping
D:2:      uniq_jessica, uniq_crazy_yiuf_cottage
D:3:      led_sif_book, first_bread, uniq_natasha
D:4:      grunt_qazlal_clouds, lemuel_crystal_altar, minitemple,
          dk_noncrumbling_2, patterned_corridor
D:6:      zin_purify, kennysheep_mini_moat, minmay_temple_entry_overgrown
D:7:      lemuel_crystal_altar, nicolae_overflow_crystal_walls, enter_ossuary_5,
          grunt_ogre_cave, uniq_prince_ribbit1
D:8:      lair_entry_dummy, uniq_psyche
D:9:      grunt_temple_overflow_lords_of_destruction
D:11:     zombieorc2_lemuel, nicolae_trove_entry_diagonal,
          kennysheep_another_room, st_stairs_14, uniq_harold
D:12:     special_room
D:13:     serial_shops, shop_coins, shop, shop
D:14:     grunt_vaults_entry_fortified, serial_park_square2,
          kennysheep_generic_room_14
D:15:     grunt_enter_depths_magical_seal, lab_entry_generic,
          serial_bayou_shore_b
Temple:   jpeg_temple_island
Lair:1:   statuecave_lemuel
Lair:2:   guppyfry_snake_entry_garden, hangedman_lair_unloving_vines,
          uniq_nergalle
Lair:3:   minmay_swamp_entry_reptiles, serial_bayou_pond_c, st_stairs_9,
          beast_lair_carwin_7, infiniplex_staircase_pool
Lair:4:   kb_forest_paths, portal_ice_cave_entry_ice_beasts, st_stairs_7,
          serial_bayou_crossing, minmay_lair_oklob_chamber
Lair:5:   beast_lair_carwin_large_3, slime_altar_1, st_stairs_5, dpeg_oklob_1,
          grunt_megastairs_2, uniq_kirke
Lair:6:   cheibrodos_lair_end_hotspot, minivault_27
Snake:1:  nicolae_snake_shapes, grunt_megastairs_4, uniq_rupert, uniq_josephine,
          uniq_nikola, uniq_aizul
Snake:3:  basic_altar, serial_bayou_pond_b
Snake:4:  grunt_snake_rune_serpentine_throne
Orc:2:    grunt_orc_tribal_feast, serial_shops, nicolae_shop_waterfront,
          nicolae_orc_sculptors_studio, nicolae_orc_damp_corner, mines2_david
Lab:      nicolae_lab_dead_adventurers, nicolae_lab_statue,
          nicolae_lab_flowing_pool
Ossuary:  ossuary_tomb_1
IceCv:    ice_cave_small_necro

Skill      XL: |  1  2  3  4  5  6  7  8  9 10 11 12 13 14 15 |
---------------+----------------------------------------------+-----
Dodging        | 3 4 5 7 8 9 11 12 13 14 16 | 16.6
Unarmed Combat | 2 3 5 7 8 9 10 11 13 | 13.4
Hexes          | 5 6 8 9 10 12 14 15 | 15.6
Stealth        | 5 6 8 9 10 12 14 15 16 18 | 18.1
Invocations    | 5 7 9 11 | 11.3
Fighting       | 1 4 9 12 | 12.1
Ice Magic      | 2 |  2.0
Spellcasting   | 3 5 8 |  8.0
Summonings     | 4 7 |  7.6

Action                   |  1- 3 |  4- 6 |  7- 9 | 10-12 | 13-15 | 16-18 || total
-------------------------+-------+-------+-------+-------+-------+-------++-------
Melee: Unarmed           |   136 |   165 |   307 |   587 |  1581 |     6 ||  2782
       Bite              |    10 |    14 |    25 |    38 |   139 |       ||   226
       Punch             |       |       |     9 |    13 |    83 |     1 ||   106
 Cast: Corona            |     5 |       |       |       |       |       ||     5
       Ensorcelled Hiber |    23 |    43 |    21 |   110 |   179 |       ||   376
       Confuse           |     1 |    13 |    50 |    61 |   189 |       ||   314
       Dazzling Spray    |       |       |       |     5 |   229 |     1 ||   235
       Summon Mana Viper |       |       |       |       |    66 |     1 ||    67
       Summon Forest     |       |       |       |       |     5 |       ||     5
Invok: Shadow Step       |       |       |       |       |     4 |       ||     4
       Shadow Form       |       |       |       |       |     1 |       ||     1
 Abil: End Transformatio |       |       |       |       |     1 |       ||     1
Evoke: Wand              |       |     2 |       |       |     4 |       ||     6
       Lightning rod     |       |       |       |     4 |     9 |       ||    13
       Sack of spiders   |       |       |       |       |     7 |       ||     7
       Phial of floods   |       |       |       |       |     2 |       ||     2
  Use: Scroll            |     1 |     6 |     5 |    12 |    16 |       ||    40
       Potion            |       |       |       |       |     7 |       ||     7
 Stab: Sleeping          |    18 |    31 |    29 |   129 |   268 |       ||   475
       Confused          |     1 |     6 |    35 |    43 |   106 |       ||   191
       Distracted        |       |       |     1 |     2 |    21 |       ||    24
       Fleeing           |       |       |       |     1 |       |       ||     1
       Invisible         |       |       |       |       |    47 |       ||    47
  Eat: Chunk             |    11 |    10 |    10 |    39 |    93 |     1 ||   164
       Royal jelly       |       |       |       |       |     4 |       ||     4
       Meat ration       |       |       |       |       |     1 |       ||     1
Armor: Skin              |     9 |    10 |     7 |    12 |    49 |       ||    87
Dodge: Dodged            |   154 |   104 |   226 |   497 |  1973 |     8 ||  2962
Block: Other             |       |       |       |       |     7 |       ||     7

Vault maps used:
D:1:      dpeg_arrival_subterranean_lakeside_camping
D:2:      uniq_jessica, uniq_crazy_yiuf_cottage
D:3:      led_sif_book, first_bread, uniq_natasha
D:4:      grunt_qazlal_clouds, lemuel_crystal_altar, minitemple,
          dk_noncrumbling_2, patterned_corridor
D:6:      zin_purify, kennysheep_mini_moat, minmay_temple_entry_overgrown
D:7:      lemuel_crystal_altar, nicolae_overflow_crystal_walls, enter_ossuary_5,
          grunt_ogre_cave, uniq_prince_ribbit1
D:8:      lair_entry_dummy, uniq_psyche
D:9:      grunt_temple_overflow_lords_of_destruction
D:11:     zombieorc2_lemuel, nicolae_trove_entry_diagonal,
          kennysheep_another_room, st_stairs_14, uniq_harold
D:12:     special_room
D:13:     serial_shops, shop_coins, shop, shop
D:14:     grunt_vaults_entry_fortified, serial_park_square2,
          kennysheep_generic_room_14
D:15:     grunt_enter_depths_magical_seal, lab_entry_generic,
          serial_bayou_shore_b
Temple:   jpeg_temple_island
Lair:1:   statuecave_lemuel
Lair:2:   guppyfry_snake_entry_garden, hangedman_lair_unloving_vines,
          uniq_nergalle
Lair:3:   minmay_swamp_entry_reptiles, serial_bayou_pond_c, st_stairs_9,
          beast_lair_carwin_7, infiniplex_staircase_pool
Lair:4:   kb_forest_paths, portal_ice_cave_entry_ice_beasts, st_stairs_7,
          serial_bayou_crossing, minmay_lair_oklob_chamber
Lair:5:   beast_lair_carwin_large_3, slime_altar_1, st_stairs_5, dpeg_oklob_1,
          grunt_megastairs_2, uniq_kirke
Lair:6:   cheibrodos_lair_end_hotspot, minivault_27
Snake:1:  nicolae_snake_shapes, grunt_megastairs_4, uniq_rupert, uniq_josephine,
          uniq_nikola, uniq_aizul
Snake:3:  basic_altar, serial_bayou_pond_b
Snake:4:  grunt_snake_rune_serpentine_throne
Orc:2:    grunt_orc_tribal_feast, serial_shops, nicolae_shop_waterfront,
          nicolae_orc_sculptors_studio, nicolae_orc_damp_corner, mines2_david
Lab:      nicolae_lab_dead_adventurers, nicolae_lab_statue,
          nicolae_lab_flowing_pool
Ossuary:  ossuary_tomb_1
IceCv:    ice_cave_small_necro

Table legend:
 A = Turns spent in this place as a percentage of turns spent in the entire game.
 B = Non-inter-level travel turns spent in this place as a percentage of non-inter-level travel turns spent in the entire game.
 C = Inter-level travel turns spent in this place as a percentage of turns spent in this place.
 D = Turns resting spent in this place as a percentage of non-inter-level travel turns spent in this place.
 E = Turns spent auto-exploring this place as a percentage of non-inter-level travel turns spent in this place.
 F = Non-inter-level travel turns spent in this place divided by the number of levels of this place that you've seen.
                   A       B       C       D       E      F
               +-------+-------+-------+-------+-------+----------------------
         Total | 100.0 | 100.0 |   0.4 |   3.3 |   5.5 | 447.8
       Dungeon |  42.4 |  42.4 |   0.4 |   2.7 |   6.9 | 392.0
        Temple |   0.2 |   0.2 |   4.5 |   9.5 |  14.3 |  21.0
          Lair |  21.9 |  22.0 |   0.3 |   2.7 |   5.5 | 508.2
     Snake Pit |  20.1 |  20.0 |   0.6 |   5.6 |   4.5 | 695.5
  Orcish Mines |   4.6 |   4.6 |   0.3 |   3.9 |   7.1 | 322.0
     Labyrinth |   1.1 |   1.1 |   0.0 |   0.0 |   0.0 | 158.0
       Ossuary |   3.1 |   3.2 |   0.0 |   1.8 |   1.4 | 439.0
      Ice Cave |   6.5 |   6.5 |   0.0 |   3.1 |   1.2 | 909.0
               +-------+-------+-------+-------+-------+----------------------

Table legend:
 A = Kills in this place as a percentage of kills in entire the game.
 B = Kills by you in this place as a percentage of kills by you in the entire game.
 C = Kills by friends in this place as a percentage of kills by friends in the entire game.
 D = Other kills in this place as a percentage of other kills in the entire game.
 E = Experience gained in this place as a percentage of experience gained in the entire game.
 F = Experience gained in this place divided by the number of levels of this place that you have seen.
                   A       B       C       D       E      F
               +-------+-------+-------+-------+-------+----------------------
         Total | 100.0 | 100.0 | 100.0 | 100.0 | 100.0 | 8110.1
       Dungeon |  42.0 |  43.7 |   7.1 |  14.3 |  24.2 | 4050.2
          Lair |  22.5 |  22.9 |   9.5 |  42.9 |  24.3 | 10197.3
     Snake Pit |  20.0 |  18.0 |  69.0 |  14.3 |  43.6 | 27378.5
  Orcish Mines |   6.6 |   6.3 |  14.3 |   0.0 |   4.9 | 6150.5
     Labyrinth |   0.1 |   0.1 |   0.0 |   0.0 |   0.4 | 998.0
       Ossuary |   3.6 |   3.6 |   0.0 |  28.6 |   0.2 | 606.0
      Ice Cave |   5.2 |   5.4 |   0.0 |   0.0 |   2.4 | 6058.0
               +-------+-------+-------+-------+-------+----------------------
